 Dungeon Crawl Stone Soup version 0.20.0-15-g7f486f2 (webtiles) character file.

134 JeffiDaFish the Covered (level 5, -2/33 HPs)
             Began as a Gargoyle Fighter on June 10, 2017.
             Slain by a killer bee (5 damage)
             ... on level 3 of the Dungeon.
             The game lasted 00:05:27 (1462 turns).

JeffiDaFish the Covered (Gargoyle Fighter)          Turns: 1462, Time: 00:05:28

Health: -2/33      AC: 12    Str: 21    XL:     5   Next: 17%
Magic:  5/5        EV:  9    Int:  9    God:
Gold:   66         SH: 10    Dex: 10    Spells: 4/4 levels left

rFire    + + .     SeeInvis .   a - +2 flail
rCold    . . .     Gourm    .   c - +1 shield
rNeg     + . .     Faith    .   b - +0 scale mail
rPois    ∞         Spirit   .   (no helmet)
rElec    +         Reflect  .   l - +0 cloak
rCorr    .         Harm     .   (no gloves)
MR       .....                  (no boots)
Stlth    ..........             (no amulet)
Regen    0.2/turn               e - ring of protection from fire
MPRegen  0.1/turn               (no ring)

@: no status effects
A: repulsion field 1, fire resistance 1, negative energy resistance 1,
electricity resistance, strong 1, unbreathing, petrification resistance, rot
immunity, AC +4
a: no special abilities


You were on level 3 of the Dungeon.
You were not hungry.

You visited 1 branch of the dungeon, and saw 3 of its levels.

You collected 66 gold pieces.

Inventory:

Hand Weapons
 a - a +2 flail (weapon)
Armour
 b - a +0 scale mail (worn)
 c - a +1 shield (worn)
 l - a +0 cloak (worn)
Jewellery
 e - a ring of protection from fire (left hand)
 k - an uncursed ring of protection from fire
Scrolls
 i - 3 scrolls of blinking
 j - 4 scrolls of identify
Potions
 d - a potion of might
Comestibles
 f - a bread ration
 g - 6 chunks of flesh
 h - 5 fruits


   Skills:
 + Level 3.8 Fighting
 + Level 3.4 Maces & Flails
 + Level 4.1 Armour
 + Level 0.7 Dodging
 + Level 3.9 Shields


You had 4 spell levels left.
You didn't know any spells.

Dungeon Overview and Level Annotations

Branches:
Dungeon (3/15)

Altars:


Innate Abilities, Weirdness & Mutations

You are resistant to torment.
Your stone body is resilient. (AC +4)
You are immune to poison.
You resist negative energy. (rN+)
You are resistant to electric shocks. (rElec)
You can survive without breathing.
You are immune to petrification.
You are immune to rotting.
You are surrounded by a mild repulsion field. (EV +2)
Your flesh is heat resistant. (rF+)
Your muscles are strong. (Str +2)


Message History

The killer bee is heavily wounded.
You block the killer bee's attack. x2; The killer bee barely misses you.
You thump the killer bee!
You kill the killer bee!
You have reached level 5!
The killer bee stings you but does no damage.
You closely miss the killer bee. You block the killer bee's attack.
The killer bee stings you but does no damage.
The killer bee stings you.
You closely miss the killer bee. You block the killer bee's attack. x2
You closely miss the killer bee. The killer bee stings you.
* * * LOW HITPOINT WARNING * * *
The killer bee stings you but does no damage.
The killer bee closely misses you.
You hit the killer bee.
The killer bee is moderately wounded.
You block the killer bee's attack. The killer bee stings you.
* * * LOW HITPOINT WARNING * * *
The killer bee stings you.
You die...

.....#÷.....###..
.................
.....#.....#### #
..<.....##....### #..
.....##.#####...# ...#
.....##.# ###.####
...# ####(...#
#....#..## ####
######.....#
##.########.Sy@....#.#
............y#######
..#........##
#...######## #.# #


You could see 2 killer bees and a ball python.

Vanquished Creatures
  A killer bee (D:3)
  2 adders
  4 oozes
  3 worms (D:2)
  A dart slug (D:1)
  A leopard gecko (D:2)
  4 giant cockroaches
  6 goblins
  6 hobgoblins
  2 quokkas (D:2)
  A ball python (D:1)
  2 bats
  A frilled lizard (D:1)
  5 kobolds
  7 rats
46 creatures vanquished.

Notes
Turn   | Place    | Note
-------+----------+-------------------------------------------
     0 | D:1      | JeffiDaFish the Gargoyle Fighter began the quest for the Orb.
     0 | D:1      | Reached XP level 1. HP: 14/14 MP: 1/1
   132 | D:1      | Reached XP level 2. HP: 18/19 MP: 2/2
   194 | D:1      | Gained mutation: You are surrounded by a mild repulsion field. (EV +2) [potion of mutation]
   194 | D:1      | Gained mutation: Your muscles are strong. (Str +2) [potion of mutation]
   194 | D:1      | Gained mutation: Your flesh is heat resistant. (rF+) [potion of mutation]
   491 | D:1      | Reached XP level 3. HP: 23/23 MP: 3/3
  1039 | D:2      | Reached skill level 4 in Armour
  1091 | D:2      | Reached XP level 4. HP: 27/28 MP: 4/4
  1458 | D:3      | Reached XP level 5. HP: 11/33 MP: 5/5
  1462 | D:3      | Slain by a killer bee

Skill      XL: |  1  2  3  4 |
---------------+-------------+-----
Armour         | 4 |  4.1
Maces & Flails | 3 |  3.4
Fighting       | |  3.8
Dodging        | |  0.7
Shields        | |  3.9

Action                   |  1- 3 |  4- 6 || total
-------------------------+-------+-------++-------
Melee: Flail             |   123 |    40 ||   163
  Use: Scroll            |     9 |     1 ||    10
       Potion            |     4 |     2 ||     6
  Eat: Chunk             |     1 |     1 ||     2
Armor: Scale mail        |    46 |    20 ||    66
Dodge: Dodged            |    38 |    24 ||    62
Block: Shield            |    64 |    23 ||    87
